 Dungeon Crawl Stone Soup version 0.30-a0-964-gd452b5e7fa (webtiles) character file.

Game seed: 17230721335863326453

536 vishdafish the Conjurer (level 7, 40/46 HPs)
             Began as a Demonspawn Conjurer on Mar 30, 2023.
             Was a Follower of Vehumet.
             Quit the game on level 5 of the Dungeon.
             The game lasted 00:06:45 (4245 turns).

vishdafish the Conjurer (Demonspawn Conjurer)       Turns: 4245, Time: 00:06:46

Health: 40/46      AC:  4    Str:  8    XL:     7   Next: 4%
Magic:  4/14       EV: 12    Int: 24    God:    Vehumet [*.....]
Gold:   175        SH:  0    Dex:  9    Spells: 7/16 levels left

rFire   . . .      SeeInvis .    e - +3 short sword (freeze)
rCold   . . .      Faith    .    (no shield)
rNeg    . . .      Spirit   .    a - +0 robe
rPois   .          Reflect  .    (helmet restricted)
rElec   .          Rampage  .    n - +0 cloak
rCorr   .                        (no gloves)
Will    +....                    (no boots)
Stlth   ++                       r - amulet of Jymn {Regen+ Int+3}
HPRegen 1.07/turn                (no ring)
MPRegen 0.14/turn                (no ring)

@: no status effects
A: antennae 1, demonic guardian 1, powered by death 1, sharp scales 1, clumsy 1,
strong-willed 1
a: Renounce Religion


You were on level 5 of the Dungeon.
You worshipped Vehumet.
Vehumet was aware of your devotion.
You visited 1 branch of the dungeon, and saw 7 of its levels.

You collected 175 gold pieces.

Inventory:

Hand Weapons
 e - a +3 short sword of freezing (weapon)
 g - a +0 flail
 i - a +0 dagger
 k - a +1 dagger of draining
Armour
 a - a +0 robe (worn)
 n - a +0 cloak (worn)
Jewellery
 r - the amulet of Jymn (around neck) {Regen+ Int+3}
   (You found it on level 7 of the Dungeon)

   [amulet of regeneration]

   Int:       It affects your intelligence (+3).
   Regen:     It increases your rate of health regeneration.
Wands
 q - a wand of paralysis (4)
 s - a wand of light (9)
Scrolls
 c - a scroll of fear
 f - a scroll of enchant armour
 h - 3 scrolls of vulnerability
 l - a scroll of brand weapon {unknown}
 o - a scroll of noise {unknown}
 t - a scroll of immolation {unknown}
 u - a scroll of fog {unknown}
Potions
 b - 2 potions of heal wounds
 d - a potion of might
 j - a potion of degeneration {unknown}
 m - 2 potions of curing {unknown}
 p - a potion of magic
 v - a potion of haste {unknown}


   Skills:
 - Level 1.7 Dodging
 - Level 1.7 Stealth
 + Level 5.1 Spellcasting
 + Level 6.6 Conjurations


You had 7 spell levels left.
You knew the following spells:

 Your Spells              Type           Power      Damage    Failure   Level
a - Magic Dart            Conj           100%       1d8       1%          1
b - Fulminant Prism       Conj/Hex       11%        3d9       22%         4
c - Iskenderun's Mystic   Conj/Tloc      22%        2d6       22%         4

Your spell library contained the following spells:

 Spells                   Type           Power      Damage    Failure   Level
 Shock                    Conj/Air       88%        1d8       2%          1
 Searing Ray              Conj           76%        2d7       1%          2
 Dazzling Flash           Conj/Hex       44%        N/A       7%          3
 Ensorcelled Hibernation  Hex/Ice        12%        N/A       13%         2
 Passwall                 Tmut/Erth      5%         N/A       13%         2
 Frozen Ramparts          Ice            12%        1d2       26%         3
 Spider Form              Tmut/Pois      6%         N/A       26%         3
 Swiftness                Air            6%         N/A       26%         3
 Anguish                  Hex/Necr       3%         N/A       65%         4
 Ice Form                 Ice/Tmut       6%         N/A       65%         4
 Summon Ice Beast         Ice/Summ       6%         N/A       65%         4


Dungeon Overview and Level Annotations

Branches:
Dungeon (7/15)
 Temple: D:4-7

Altars:
Vehumet

Portals:
Ossuary: D:5

Annotations:
D:4 Eustachio


Innate Abilities, Weirdness & Mutations

You have a pair of small antennae on your head.
A weak demonic guardian rushes to your aid.
You regenerate a little health from kills.
You are partially covered in razor-sharp scales. (AC +1, Slay +1)
You are clumsy. (Dex -2)
You are strong-willed. (Will+)


Message History

You can't see any susceptible monsters within range! (Use Z to cast anyway.)
You can't see any susceptible monsters within range! (Use Z to cast anyway.)
You open the door.
There is an open door here.
You open the door.
A human skeleton comes into view.
The magic dart hits the human skeleton.
The human skeleton is lightly damaged.
The magic dart hits the human skeleton.
The human skeleton is lightly damaged.
The human skeleton hits you!
The magic dart hits the human skeleton!
The human skeleton is moderately damaged.
The human skeleton hits you but does no damage.
The magic dart hits the human skeleton.
The human skeleton is moderately damaged.
The human skeleton closely misses you.
The magic dart hits the human skeleton.
The human skeleton is heavily damaged.
The magic dart hits the human skeleton.
The human skeleton is heavily damaged.
The human skeleton closely misses you.
The magic dart hits the human skeleton!
The human skeleton is severely damaged.
The human skeleton hits you.
The magic dart hits the human skeleton.
The human skeleton is severely damaged.
The human skeleton hits you.
The magic dart hits the human skeleton.
The human skeleton is almost destroyed.
The human skeleton hits you.
The magic dart hits the human skeleton!
You destroy the human skeleton!
Vehumet accepts your kill.
You have reached level 7!
Your demonic ancestry asserts itself...
You feel the presence of a demonic guardian.
There is an open door here.
There is a sand-covered staircase here.
Are you sure you want to abandon this character and quit the game? (Confirm with "yes".)

.#...............#......##
....##.....##.......##...
#.#...........#.#.#......
##.#.#.#...#.#.#...#.#..##
###....#.#.#.#....####......
###.###............####.......
#..>.....##<.......# #........
##......#############.........
#......#.'.#@'.# #..#.......
##.#...###'#'### ...######.. #
##.##.'...'.# .. #..
#.####...### #.# #.##.'...'.#
#.. #.####'#'#'# ##.
#..'...#.#.# ##. ############
##.. ##<.#


There were no monsters in sight!

Vanquished Creatures
  An ogre (D:3)
  A phantom (D:5)
  A scorpion (D:7)
  2 howler monkeys (D:7)
  An iguana (D:5)
  Terence (D:2)
  A human skeleton (D:5)
  An orc wizard (D:3)
  3 gnolls (D:7)
  3 adders
  2 worms
  2 dart slugs
  6 orcs
  6 endoplasms
  4 giant cockroaches
  6 goblins
  2 hobgoblins
  4 jackals (D:1)
  3 kobolds
  A quokka (D:1)
  4 ball pythons
  7 bats
  7 frilled lizards
  4 orc skeletons (D:5)
  An orc zombie (D:5)
  5 rats
79 creatures vanquished.

Notes
Turn   | Place    | Note
-------+----------+-------------------------------------------
     0 | D:1      | vishdafish the Demonspawn Conjurer began the quest for the
                  | Orb.
     0 | D:1      | Reached XP level 1. HP: 13/13 MP: 3/3
   301 | D:1      | Gained mutation: You regenerate a little health from kills.
                  | [demonic ancestry]
   301 | D:1      | Reached XP level 2. HP: 19/19 MP: 0/5
   989 | D:1      | Gained mutation: You are partially covered in razor-sharp
                  | scales. (AC +1, Slay +1) [demonic ancestry]
   989 | D:1      | Reached XP level 3. HP: 24/24 MP: 4/7
  1249 | D:2      | Noticed Terence
  1412 | D:2      | Gained mutation: You are strong-willed. (Will+) [potion of
                  | mutation]
  1412 | D:2      | Gained mutation: You are clumsy. (Dex -2) [potion of
                  | mutation]
  1414 | D:2      | Killed Terence
  1474 | D:2      | Reached XP level 4. HP: 30/30 MP: 5/8
  1907 | D:2      | Reached skill level 5 in Conjurations
  1977 | D:2      | Learned a level 4 spell: Fulminant Prism
  1982 | D:2      | Learned a level 4 spell: Iskenderun's Mystic Blast
  2015 | D:2      | Found a radiant altar of Vehumet.
  2023 | D:2      | Became a worshipper of Vehumet
  2256 | D:2      | Found a faded altar of an unknown god.
  2442 | D:3      | Noticed an ogre
  2450 | D:3      | Killed an ogre
  2451 | D:3      | Gained mutation: You have a pair of small antennae on your
                  | head. [demonic ancestry]
  2451 | D:3      | Reached XP level 5. HP: 35/35 MP: 1/10
  3375 | D:4      | Noticed Eustachio
  3375 | D:4      | You fall into a shaft and drop 3 floors!
  3383 | D:7      | Identified the amulet of Jymn {Regen+ Int+3}
  3427 | D:7      | Reached skill level 6 in Conjurations
  3427 | D:7      | Reached XP level 6. HP: 39/41 MP: 8/12
  3859 | D:5      | Entered Level 5 of the Dungeon
  3892 | D:5      | Reached skill level 5 in Spellcasting
  4197 | D:5      | Found a sand-covered staircase.
  4213 | D:5      | Reached * piety under Vehumet
  4213 | D:5      | Offered knowledge of Shock by Vehumet.
  4241 | D:5      | Gained mutation: A weak demonic guardian rushes to your
                  | aid. [demonic ancestry]
  4241 | D:5      | Reached XP level 7. HP: 35/46 MP: 4/14
  4245 | D:5      | Quit the game

Illustrated notes

Levels and vault maps discovered:
D:1:      erik_arrival_orb_chamber, layout_basic, roderic_lattice_a
D:2:      layout_loops_ring, basic_altar,
          hellmonk_ecumenical_altar_defaced_shrine, uniq_terence
D:3:      layout_basic
D:4:      layout_basic, ebering_ghost_sewer_d, gup_sewer_entry_bowl,
          minmay_quadrilaterals, uniq_ijyb, uniq_eustachio, uniq_robin
D:5:      nicolae_cairo_tiling_large_dashed, layout_cave_pools,
          mainiacjoe_overflow_alcove_1, nicolae_ossuary_entry_catacombs,
          chequers_serial_rivers_room_b
D:6:      gammafunk_wand_slinger, layout_loops_ring, jmf_multi_god_temple,
          minmay_diced_spiral
D:7:      layout_basic, lemuel_mausoleum_altar_kikubaaqudgha,
          minmay_temple_entry_antechambers

Skill      XL: |  1  2  3  4  5  6 |
---------------+-------------------+-----
Spellcasting   | 3 4 5 |  5.1
Conjurations   | 5 6 |  6.6
Dodging        | |  1.7
Stealth        | |  1.7

Action                     |  1- 3 |  4- 6 |  7- 9 || total
---------------------------+-------+-------+-------++-------
  Melee: Unarmed           |     1 |       |       ||     1
         Flail             |    20 |       |       ||    20
         Dagger            |     1 |       |       ||     1
         Short sword       |       |    33 |       ||    33
   Cast: Magic Dart        |    66 |   125 |       ||   191
  Evoke: Wand              |       |     1 |       ||     1
    Use: Potion            |     3 |       |       ||     3
         Scroll            |       |     4 |       ||     4
   Stab: Sleeping          |       |     1 |       ||     1
 Armour: Robe              |     7 |     5 |       ||    12
  Dodge: Dodged            |    23 |    46 |       ||    69

Table legend: (Time is in decaauts)
 A = Elapsed time spent in this place.
 B = Non-inter-level travel time spent in this place.
 C = Inter-level travel time spent in this place.
 D = Time resting spent in this place.
 E = Time spent auto-exploring this place.
 F = Levels seen in this place.
 G = Mean time per level.
                   A        B        C        D        E       F      G
               +--------+--------+--------+--------+--------+-----+--------+
         Total |   4261 |   4127 |    134 |     83 |   3438 |   7 |  608.7 |
       Dungeon |   4261 |   4127 |    134 |     83 |   3438 |   7 |  608.7 |
               +--------+--------+--------+--------+--------+-----+--------+

Top non-repeatable levels by time:
     D:1: 1282 daAuts
     D:3: 1091 daAuts
     D:2: 1018 daAuts
     D:5: 385 daAuts
     D:7: 379 daAuts
     D:6: 103 daAuts
